 Dungeon Crawl Stone Soup version 0.21-a0-229-g3587535 (webtiles) character file.

819 JackS81 the Reanimator (level 7, -3/36 HPs)
             Began as a Deep Elf Necromancer on Sept 1, 2017.
             Slain by a hippogriff (8 damage)
             ... on level 6 of the Dungeon.
             The game lasted 00:33:02 (5688 turns).

JackS81 the Reanimator (Deep Elf Necromancer)       Turns: 5688, Time: 00:33:03

Health: -3/36      AC:  3    Str:  5    XL:     7   Next: 63%
Magic:  10/19      EV: 13    Int: 30    God:
Gold:   252        SH:  0    Dex: 15    Spells: 10/19 levels left

rFire    . . .     SeeInvis .   h - -2 short sword (curse)
rCold    . . .     Gourm    .   (no shield)
rNeg     + . .     Faith    .   a - +1 robe
rPois    .         Spirit   .   (no helmet)
rElec    .         Reflect  .   (no cloak)
rCorr    .         Harm     .   (no gloves)
MR       .....                  (no boots)
Stlth    ++........             (no amulet)
HPRegen  1.12/turn              g - ring of positive energy
MPRegen  0.16/turn              C - +3 ring of intelligence

@: brilliant, regenerating
A: no striking features
a: no special abilities


You were on level 6 of the Dungeon.
You were not hungry.

You visited 1 branch of the dungeon, and saw 6 of its levels.

You collected 252 gold pieces.

Inventory:

Hand Weapons
 e - a +0 short sword
 h - a cursed -2 short sword (weapon)
 j - a +2 dagger of protection
 u - a +0 spear of flaming
 w - a +4 hand axe
Missiles
 f - 12 poisoned needles
 v - 5 poisoned tomahawks (quivered)
 y - 7 curare-tipped needles
Armour
 a - a +1 robe (worn)
Jewellery
 g - a ring of positive energy (left hand)
 s - an uncursed ring of stealth
 C - a +3 ring of intelligence (right hand)
Wands
 l - a wand of random effects (30/48)
 t - a wand of lightning (3/15)
Scrolls
 z - 3 scrolls of identify
 A - a scroll of enchant armour
Potions
 d - a potion of agility
 i - a potion of curing {unknown}
 k - a potion of brilliance
 n - a potion of degeneration {unknown}
 o - a potion of magic {unknown}
 p - a potion of lignification {unknown}
 q - 3 potions of berserk rage
 x - a potion of flight {unknown}
 D - 2 potions of might {unknown}
 E - a potion of invisibility {unknown}
Books
 b - a book of Necromancy

   Spells                             Type                      Level
   a - Pain                           Necromancy                   1
   b - Animate Skeleton               Necromancy                   1
   c - Vampiric Draining              Necromancy                   3
   d - Regeneration                   Charms/Necromancy            3
   e - Animate Dead                   Necromancy                   4
   f - Control Undead                 Necromancy                   4
Comestibles
 c - 8 bread rations
 m - 3 royal jellies
 r - a fruit
 B - 2 meat rations


   Skills:
 - Level 0.6 Short Blades
 + Level 2.9 Dodging
 - Level 2.4 Stealth
 + Level 6.7 Spellcasting
 - Level 0.4 Charms
 * Level 9.5 Necromancy
 * Level 1.2 Evocations


You had 10 spell levels left.
You knew the following spells:

 Your Spells              Type           Power        Failure   Level  Hunger
a - Pain                  Necr           ####         1%          1    None
b - Animate Skeleton      Necr           N/A          1%          1    None
c - Regeneration          Chrm/Necr      ######....   1%          3    None
d - Control Undead        Necr           ######....   1%          4    ##.....


Dungeon Overview and Level Annotations

Branches:
Dungeon (6/15)
 Temple: D:4-7

Altars:
Nemelex Xobeh
Yredelemnul
The Shining One

Shops:
D:6 (


Message History

The hippogriff barely resists.
The hippogriff bites you.
The hippogriff pecks you but does no damage.
The hippogriff claws you.
* * * LOW HITPOINT WARNING * * *
Aiming: Lightning Bolt
Press: ? - help, Shift-Dir - straight line, f/p - hippogriff
Aim: a hippogriff (moderately wounded)
You hear a mighty clap of thunder!
The bolt of lightning hits the hippogriff.
The hippogriff is heavily wounded.
This wand has 3 charges left.
You hear an angry hiss. x2
The hippogriff completely misses you. The hippogriff pecks you.
* * * LOW HITPOINT WARNING * * *
The hippogriff barely misses you.
It was a potion of brilliance.
You feel clever all of a sudden.
The hippogriff bites you but does no damage.
The hippogriff pecks you!
You die...

....#...#######..........
....#...#................
....#...#................
........#................
#.......#................
##..................#
#................####
#........###...#H#
#........# ###.#@#
...##....#####.#.#
##.#...[.......#.#
...#.....#######.#
####.###.# ... #.....#
..# ####### ###


You could see a hippogriff.

Vanquished Creatures
  An ogre (D:6)
  A bullfrog (D:5)
  A scorpion (D:4)
  2 crimson imps (D:5)
  A jelly (D:5)
  A hound (D:5)
  A centaur skeleton (D:6)
  Ijyb (D:4)
  2 worker ants
  A hound skeleton (D:5)
  14 gnolls
  4 adders
  2 oozes
  7 worms
  A dart slug (D:2)
  8 leopard geckos
  9 orcs
  2 ball pythons
  7 giant cockroaches
  6 goblins
  11 hobgoblins
  13 jackals
  A quokka (D:3)
  8 bats
  4 frilled lizards (D:2)
  7 kobolds
  A quokka skeleton (D:4)
  8 rats
125 creatures vanquished.

Vanquished Creatures (collateral kills)
  An ogre (D:4)
  An adder (D:3)
  A giant cockroach (D:3)
3 creatures vanquished.

Grand Total: 128 creatures vanquished

Notes
Turn   | Place    | Note
-------+----------+-------------------------------------------
     0 | D:1      | JackS81 the Deep Elf Necromancer began the quest for the Orb.
     0 | D:1      | Reached XP level 1. HP: 10/10 MP: 6/6
     4 | D:1      | Learned a level 1 spell: Animate Skeleton
    70 | D:1      | Reached skill level 5 in Necromancy
   415 | D:1      | Reached XP level 2. HP: 12/15 MP: 5/8
  1142 | D:2      | Found a basalt altar of Yredelemnul.
  1244 | D:2      | Reached XP level 3. HP: 15/19 MP: 6/9
  1269 | D:2      | Reached skill level 6 in Necromancy
  1852 | D:2      | Reached XP level 4. HP: 20/24 MP: 8/11
  2417 | D:3      | Learned a level 3 spell: Regeneration
  2422 | D:3      | Learned a level 4 spell: Control Undead
  2814 | D:3      | Found a glowing golden altar of the Shining One.
  2898 | D:3      | Reached skill level 7 in Necromancy
  2898 | D:3      | Reached XP level 5. HP: 22/28 MP: 6/13
  3098 | D:4      | Noticed Ijyb
  3098 | D:4      | Noticed an ogre
  3518 | D:4      | Killed Ijyb
  3660 | D:4      | Killed an ogre
  3660 | D:4      | Reached skill level 5 in Spellcasting
  3660 | D:4      | Reached skill level 8 in Necromancy
  3660 | D:4      | Reached XP level 6. HP: 18/32 MP: 12/15
  4295 | D:5      | Entered Level 5 of the Dungeon
  4497 | D:5      | Reached XP level 7. HP: 31/36 MP: 10/17
  4608 | D:5      | Reached skill level 9 in Necromancy
  4808 | D:5      | Found a sparkling altar of Nemelex Xobeh.
  5468 | D:6      | Reached skill level 1 in Evocations
  5530 | D:6      | Found Metick's Antique Weapon Shoppe.
  5667 | D:6      | Noticed a hippogriff
  5688 | D:6      | Slain by a hippogriff

Vault maps used:
D:1:      minmay_arrival_checkered_box, corexii_corridor_pit
D:2:      yredelemnul_altar_generic, minmay_tetromino_t4
D:3:      tso_altar, first_bread
D:4:      uniq_ijyb
D:5:      nemelex_xobeh_ov_fountains_minmay, gup_sewer_entry_spiral
D:6:      serial_shops, shop

Skill      XL: |  1  2  3  4  5  6  7 |
---------------+----------------------+-----
Necromancy     | 5 6 7 8 9 |  9.5
Spellcasting   | 4 5 6 |  6.7
Evocations     | 1 |  1.2
Short Blades   | |  0.6
Dodging        | |  2.9
Stealth        | |  2.4
Charms         | |  0.4

Action                   |  1- 3 |  4- 6 |  7- 9 || total
-------------------------+-------+-------+-------++-------
Melee: Short sword       |       |    47 |     2 ||    49
Throw: Tomahawk          |       |     8 |     2 ||    10
 Cast: Pain              |    72 |   132 |    64 ||   268
       Animate Skeleton  |    13 |    26 |     7 ||    46
       Regeneration      |       |     6 |     4 ||    10
       Control Undead    |       |     4 |     1 ||     5
Evoke: Wand              |       |       |     5 ||     5
  Use: Scroll            |       |     5 |     3 ||     8
       Potion            |       |     1 |     3 ||     4
 Stab: Sleeping          |       |     1 |       ||     1
  Eat: Chunk             |     3 |     9 |     2 ||    14
       Fruit             |       |     1 |     1 ||     2
       Bread ration      |       |       |     1 ||     1
Armor: Robe              |     1 |    10 |     8 ||    19
Dodge: Dodged            |     6 |    55 |    25 ||    86

Table legend:
 A = Spawn XP
 B = Non-spawn XP
 C = Spawn XP percentage of total XP
 D = Spawn monster count
 E = Non-spawn monster count
 F = Spawn count percentage of total count
 G = Total turns spent on level
                    A         B        C        D         E        F      G
               +---------+---------+-------+---------+---------+-------+---------
         Total |     110 |    1061 |   9.4 |      21 |     106 |  16.5 |  5688
               +---------+---------+-------+---------+---------+-------+---------
           D:1 |       3 |      29 |   9.4 |       1 |      16 |   5.9 |  1142
           D:2 |      15 |      54 |  21.7 |       6 |      19 |  24.0 |   818
           D:3 |      29 |     110 |  20.9 |       7 |      29 |  19.4 |  1344
           D:4 |      44 |     334 |  11.6 |       4 |      18 |  18.2 |  1008
           D:5 |      16 |     412 |   3.7 |       2 |      23 |   8.0 |  1150
           D:6 |       3 |     122 |   2.4 |       1 |       1 |  50.0 |   226
               +---------+---------+-------+---------+---------+-------+---------
